 Dungeon Crawl Stone Soup version 0.30-a0-672-gc3a7216ad8 (console) character file.

Game seed: 10174792821183442140

5 petzl the Sneak (level 1, 0/18 HPs)
             Began as a Formicid Delver on Jan 18, 2023.
             Slain by an ufetubus (3 damage)
             ... on level 6 of the Dungeon.
             The game lasted 00:01:20 (281 turns).

petzl the Sneak (Formicid Delver)                    Turns: 281, Time: 00:01:20

Health: 0/18       AC:  3    Str: 16    XL:     1   Next: 88%
Magic:  2/2        EV: 12    Int:  9    God:
Gold:   11         SH:  0    Dex: 15    Spells: 2/2 levels left

rFire   . . .      SeeInvis +    a - +0 mace
rCold   . . .      Faith    .    (no shield)
rNeg    . . .      Spirit   .    b - +0 leather armour
rPois   .          Reflect  .    (helmet unavailable)
rElec   .          Harm     .    (no cloak)
rCorr   .          Rampage  .    (no gloves)
Will    .....                    (no boots)
Stlth   +++                      (no amulet)
HPRegen 0.23/turn                (no ring)
MPRegen 0.08/turn                (no ring)

@: no status effects
A: permanent stasis, dig shafts and tunnels, antennae 3, four strong arms
a: Dig, Shaft Self


You were on level 6 of the Dungeon.
You visited 1 branch of the dungeon, and saw 2 of its levels.

You collected 11 gold pieces.

Inventory:

Hand Weapons
 a - a +0 mace (weapon)
Missiles
 h - 3 poisoned darts
Armour
 b - a +0 leather armour (worn)
Wands
 g - a wand of digging (3)
Scrolls
 c - a scroll of fog
 d - a scroll of magic mapping
 e - a scroll of fear
Potions
 f - a potion of haste


   Skills:
 - Level 3.2 Fighting
 - Level 2.0 Maces & Flails
 - Level 1.7 Dodging
 - Level 6.0 Stealth
 + Level 1.3 Spellcasting


You had 2 spell levels left.
You didn't know any spells.
Your spell library contained the following spells:

 Spells                   Type           Power      Damage    Failure   Level
 Apportation              Tloc           0%         N/A       41%         1
 Inner Flame              Hex/Fire       0%         N/A       80%         3
 Flame Wave               Conj/Fire      0%         2d4       99%         4
 Sticky Flame             Conj/Fire      0%         2d3       99%         4
 Alistair's Intoxication  Tmut/Pois      0%         N/A       100%        5


Dungeon Overview and Level Annotations

Branches:
Dungeon (6/15)
 Temple: D:4-7

Altars:


Innate Abilities, Weirdness & Mutations

You cannot be hasted, slowed, berserked, paralysed or teleported.
You can dig through walls and to a lower floor.
You have a pair of large antennae on your head. (SInv)
Your four strong arms can wield two-handed weapons with a shield.


Message History

Unknown command.
There is an open door here.
You close the door.
There is an open door here.
You close the door.
An ufetubus comes into view.
The ufetubus moves out of view.
You strike the helpless ufetubus from behind!
You hit the ufetubus.
The ufetubus is lightly wounded.
The ufetubus hits you but does no damage.
The ufetubus hits you. The ufetubus misses you. x2
You completely miss the ufetubus.
The ufetubus is lightly wounded.
The ufetubus barely misses you. The ufetubus hits you.
The ufetubus barely misses you. The ufetubus hits you.
You hit the ufetubus but do no damage.
The ufetubus is lightly wounded.
The ufetubus closely misses you. x2; The ufetubus misses you.
The ufetubus barely misses you.
You closely miss the ufetubus.
The ufetubus is lightly wounded.
The ufetubus closely misses you. The ufetubus barely misses you.
The ufetubus hits you. The ufetubus misses you.
You barely miss the ufetubus.
The ufetubus is lightly wounded.
The ufetubus closely misses you.
The ufetubus hits you but does no damage.
The ufetubus completely misses you. The ufetubus hits you.
You barely miss the ufetubus.
The ufetubus is lightly wounded.
The ufetubus hits you. The ufetubus misses you. The ufetubus hits you.
* * * LOW HITPOINT WARNING * * *
The ufetubus closely misses you.
You hit the ufetubus.
The ufetubus is moderately wounded.
The ufetubus hits you.
* * * LOW HITPOINT WARNING * * *
The ufetubus misses you. The ufetubus hits you.
You die...

#........................#
#........................#
#........................#
####+##############......#
.# #......# .# #......# .#
#......# ## ###+###......+
# ##.....#......# # #
+......#......# # #.
#......'......# # #..
#......#......# #####{
..######'###......# ....#
#...............## ....#
#...............# ....#
#...............# ....#
#...............# ....#
#...............# ....#
#.....#####.@...# ....#
#.....#...#5....# ..###
#.....'...#.....# ..#
#.....#...#.....# ..#
####+##...#.....#{ ..#
#....##...#.....# ..#
#....#....#.....# ..#
#....+....#.....# ..#
#...##...#.....# ..#
##...##...#.....# ..#
#.........+.....# ..#
#.........#.....+ ..#
#.........#.<...# ..#
##...####.......# ..#
##...##.########.... ..#
#........# ... ..#
#........# . ..#
#........# ..# #........#


You could see an ufetubus.

Vanquished Creatures
  An ufetubus (D:6)
1 creature vanquished.

Notes
Turn   | Place    | Note
-------+----------+-------------------------------------------
     0 | D:5      | petzl the Formicid Delver began the quest for the Orb.
     0 | D:5      | Reached XP level 1. HP: 18/18 MP: 1/1
    11 | D:5      | Noticed a scorpion
   203 | D:6      | Noticed an ice beast
   205 | D:6      | Reached skill level 1 in Spellcasting
   281 | D:6      | Slain by an ufetubus

Illustrated notes

Levels and vault maps discovered:
D:5:      layout_basic, minmay_temple_entry_arrows
D:6:      layout_gridville, uniq_edmund

Skill      XL: |  1 |
---------------+----+-----
Spellcasting   | 1 |  1.3
Fighting       | |  3.2
Maces & Flails | |  2.0
Dodging        | |  1.7
Stealth        | |  6.0

Action                   || total
-------------------------++-------
Melee: Mace              ||     8
 Stab: Distracted        ||     1
Armor: Leather armour    ||     2
Dodge: Dodged            ||    16

Table legend: (Time is in decaauts)
 A = Elapsed time spent in this place.
 B = Non-inter-level travel time spent in this place.
 C = Inter-level travel time spent in this place.
 D = Time resting spent in this place.
 E = Time spent auto-exploring this place.
 F = Levels seen in this place.
 G = Mean time per level.
                   A        B        C        D        E       F      G
               +--------+--------+--------+--------+--------+-----+--------+
         Total |    282 |    282 |      0 |      0 |    119 |   2 |  141.0 |
       Dungeon |    282 |    282 |      0 |      0 |    119 |   2 |  141.0 |
               +--------+--------+--------+--------+--------+-----+--------+

Top non-repeatable levels by time:
     D:6: 260 daAuts
     D:5: 22 daAuts
